 Dungeon Crawl Stone Soup version 0.23.0 (webtiles) character file.

Game seed: 8580647390118953696

20 Monsterracer the Skirmisher (level 3, 0/30 HPs)
             Began as a Formicid Chaos Knight on Feb 11, 2019.
             Was a Plaything of Xom.
             Succumbed to an adder's poison
             ... on level 2 of the Dungeon.
             The game lasted 00:01:59 (986 turns).

Monsterracer the Skirmisher (Formicid Chaos Knight)  Turns: 986, Time: 00:01:59

Health: 0/30       AC:  5    Str: 17    XL:     3   Next: 0%
Magic:  3/3        EV: 10    Int: 11    God:    Xom [..*...]
Gold:   65         SH:  3    Dex: 10    Spells: 2/2 levels left

rFire    . . .     SeeInvis +   a - +0 mace (chaos)
rCold    . . .     Gourm    .   f - +0 buckler
rNeg     . . .     Faith    .   b - +2 leather armour
rPois    .         Spirit   .   (helmet unavailable)
rElec    .         Reflect  .   (no cloak)
rCorr    .         Harm     .   (no gloves)
MR       .....                  (no boots)
Stlth    +.........             (no amulet)
HPRegen  0.10/turn              (no ring)
MPRegen  0.08/turn              (no ring)

@: lethally poisoned (0 -> -14)
A: permanent stasis, dig shafts and tunnels, four strong arms, antennae 3
a: Dig, Shaft Self, Renounce Religion


You were on level 2 of the Dungeon.
You worshipped Xom.
You were a toy of Xom.
You were not hungry.

You visited 1 branch of the dungeon, and saw 2 of its levels.

You collected 65 gold pieces.

Inventory:

Hand Weapons
 a - a +0 mace of chaos (weapon)
Armour
 b - a +2 leather armour (worn)
 f - a +0 buckler (worn)
Scrolls
 d - a scroll of identify {unknown}
 g - a scroll of fear {unknown}
 h - a scroll of enchant armour {unknown}
Potions
 e - 2 potions of curing {unknown}
Comestibles
 c - 3 rations


   Skills:
 * Level 4.0 Fighting
 + Level 3.2 Maces & Flails
 + Level 2.2 Armour
 + Level 1.0 Dodging
 + Level 0.2 Shields


You had 2 spell levels left.
You didn't know any spells.
Your spell library was empty.

Dungeon Overview and Level Annotations

Branches:
Dungeon (2/15)

Altars:


Innate Abilities, Weirdness & Mutations

You cannot be hasted, slowed, berserked, paralysed or teleported.
You can dig through walls and to a lower floor.
Your four strong arms can wield two-handed weapons with a shield.
You have a pair of large antennae on your head. (SInv)


Message History

You feel stronger.
Health restored: 30; MP restored: 3
Things that are here:
a +0 club; a kobold corpse You now have 65 gold pieces (gained 4).
Xom smirks.
You detect creatures!
No target in view!
No target in view!
As you open the door, it creaks loudly! "Go forth and redecorate, my child!"
There is an open door here.
No target in view!
Partly explored, can't reach some places.
No target in view!
Partly explored, can't reach some places.
No target in view!
No target in view!
Partly explored, can't reach some places.
Really walk into that dispersal trap?
You enter a dispersal trap!
There is a dispersal trap here.
Found an escape hatch in the ceiling.
An adder comes into view.
The adder hisses angrily.
Found two stone staircases leading up.
An adder is nearby!
You hit the adder.
The adder seems to speed up.
The adder is lightly wounded.
The adder bites you. x2
You take 2 damage, and have 28/30 hp.
You hit the adder. You freeze the adder.
The adder is moderately wounded.
The adder bites you.
You are poisoned.
The adder poisons you! The adder bites you but does no damage.
The adder closely misses you.
You take 1 damage, and have 27/30 hp.
You hit the adder but do no damage.
The adder is moderately wounded.
You feel sick. The adder bites you.
You emit a cloud of colourful smoke!
You are more poisoned.
The adder poisons you! The adder bites you but does no damage.
You take 2 damage, and have 25/30 hp.
You hit the adder but do no damage.
The adder is moderately wounded.
You feel sick. The adder bites you.
You are more poisoned.
The adder poisons you! The adder bites you. x2
You are lethally poisoned!
The adder poisons you!
You take 7 damage, and have 18/30 hp.
MASSIVE DAMAGE!!
You are too injured to fight recklessly!
Unknown command.
You barely miss the adder.
The adder is moderately wounded.
You feel sick.
The adder bites you but does no damage. x3
You take 2 damage, and have 16/30 hp.
You closely miss the adder.
The adder is moderately wounded.
* * * LOW HITPOINT WARNING * * *
You feel sick. The adder bites you but does no damage.
The adder barely misses you.
You take 2 damage, and have 14/30 hp.
You closely miss the adder.
The adder is moderately wounded.
* * * LOW HITPOINT WARNING * * *
You feel sick. The adder bites you but does no damage.
The adder barely misses you. The adder bites you but does no damage.
You take 1 damage, and have 13/30 hp.
You closely miss the adder.
The adder is moderately wounded.
* * * LOW HITPOINT WARNING * * *
You feel sick. The adder barely misses you. The adder bites you.
* * * LOW HITPOINT WARNING * * *
You take 6 damage, and have 7/30 hp.
You completely miss the adder.
The adder is moderately wounded.
* * * LOW HITPOINT WARNING * * *
You feel sick. The adder bites you.
* * * LOW HITPOINT WARNING * * *
You are more poisoned.
The adder poisons you! The adder bites you but does no damage.
The adder barely misses you.
You take 2 damage, and have 5/30 hp.
You closely miss the adder.
The adder is moderately wounded.
* * * LOW HITPOINT WARNING * * *
You feel sick.
The adder bites you but does no damage. x2
You take 2 damage, and have 3/30 hp.
You miss the adder.
The adder is lightly wounded.
* * * LOW HITPOINT WARNING * * *
You feel sick.
The adder closely misses you. x2; The adder barely misses you.
You take 1 damage, and have 2/30 hp.
You barely miss the adder.
The adder is lightly wounded.
You die...
Xom thinks this is hilarious!

#.# #.# #.# #.# #.# #.#
#.# #.# #.. #.# #<#
######.# #.# # #......#
#S##.##.#
###....#########@§.....#
................☼§......
.##.....########.#...###
#.....# .......# ####..#
#.####.# #..# #.# # #..#
#.# ...# #.. #.## #.


You could see an adder.

Vanquished Creatures
  A dart slug (D:1)
  A leopard gecko (D:2)
  A ball python (D:1)
  2 bats (D:1)
  2 giant cockroaches (D:1)
  3 hobgoblins (D:1)
  2 frilled lizards (D:1)
  2 kobolds
  2 rats (D:1)
16 creatures vanquished.

Notes
Turn   | Place    | Note
-------+----------+-------------------------------------------
     0 | D:1      | Monsterracer the Formicid Chaos Knight began the quest for
                  | the Orb.
     0 | D:1      | Reached XP level 1. HP: 18/18 MP: 1/1
    26 | D:1      | XOM: potion effect (brilliance)
    61 | D:1      | XOM: divination: detect items
   208 | D:1      | Reached XP level 2. HP: 25/25 MP: 2/2
   359 | D:1      | XOM: smoke on damage
   796 | D:2      | Reached skill level 1 in Dodging
   852 | D:2      | XOM: harmless Tloc miscast
   895 | D:2      | Reached skill level 4 in Fighting
   895 | D:2      | Reached XP level 3. HP: 30/30 MP: 3/3
   901 | D:2      | XOM: divination: detect creatures
   903 | D:2      | XOM: cloud trail
   977 | D:2      | XOM: smoke on damage
   980 | D:2      | HP: 14/30 [poisoned by an adder]
   983 | D:2      | HP: 5/30 [adder (2)]
   985 | D:2      | HP: 2/30 [poisoned by an adder]
   986 | D:2      | Succumbed to an adder's poison

Skill      XL: |  1  2 |
---------------+-------+-----
Dodging        | 1 |  1.0
Fighting       | 4 |  4.0
Maces & Flails | |  3.2
Armour         | |  2.2
Shields        | |  0.2

Action                   || total
-------------------------++-------
Melee: Mace              ||    70
Armor: Leather armour    ||    38
Dodge: Dodged            ||    68
Block: Buckler           ||     1

Levels and vault maps discovered:
D:1:      psy_arrival_whirlpool, layout_loops_cross
D:2:      layout_loops_corners, lemuel_round_altar
